 Dungeon Crawl Stone Soup version 0.20-a0-509-ga2a529b (webtiles) character file.

1983 Kaname the Sneak (level 9, 56/68 HPs)
             Began as a Demonspawn Skald on Jan 21, 2017.
             Was an Initiate of Vehumet.
             Quit the game on level 7 of the Dungeon on Jan 22, 2017.
             The game lasted 00:21:46 (8609 turns).

Kaname the Sneak (Demonspawn Skald)                 Turns: 8609, Time: 00:21:47

Health: 56/68      AC: 12    Str: 11    XL:     9   Next: 1%
Magic:  15/15      EV: 12    Int: 18    God:    Vehumet [......]
Gold:   30         SH:  0    Dex: 13    Spells: 5/16 levels left

rFire    . . .     SeeInvis .   p - +2 dagger (venom)
rCold    . . .     Gourm    .   m - +0 leather armour (curse)
rNeg     . . .     Faith    .   (no shield)
rPois    .         Spirit   .   (helmet restricted)
rElec    .         Reflect  .   l - +0 cloak
rCorr    .         Harm     +   (no gloves)
MR       +....                  (no boots)
Stlth    ++++......             a - amulet of harm
Regen    0.3/turn               q - +6 ring of protection
                                h - ring of protection from magic

@: no status effects
A: antennae 2, yellow scales 1, foul stench 1, nightstalker 1, rot immunity
a: Renounce Religion


You were on level 7 of the Dungeon.
You worshipped Vehumet.
Vehumet was noncommittal.
You were not hungry.

You visited 1 branch of the dungeon, and saw 7 of its levels.

You collected 225 gold pieces.
You spent 195 gold pieces at shops.

Inventory:

Hand Weapons
 p - a +2 dagger of venom (weapon)
Armour
 l - a +0 cloak (worn)
 m - a cursed +0 leather armour (worn)
Jewellery
 a - an amulet of harm (around neck)
 h - a ring of protection from magic (left hand)
 q - a +6 ring of protection (right hand)
 y - an uncursed amulet of magic regeneration {unknown}
Wands
 b - a wand of flame (29/48)
 x - a wand of paralysis (7/24)
 A - a wand of digging (15/24)
 D - a wand of iceblast (11/15)
Scrolls
 e - 2 scrolls of immolation
 j - a scroll of remove curse
 o - 2 scrolls of amnesia
 s - a scroll of teleportation
 t - a scroll of enchant armour {unknown}
 u - 2 scrolls of fear {unknown}
 B - a scroll of magic mapping
 E - a scroll of torment {unknown}
 F - a scroll of recharging {unknown}
Potions
 i - 2 potions of might
 k - 3 potions of heal wounds
 n - 4 potions of flight
 v - 2 potions of haste
 w - a potion of ambrosia {unknown}
 z - 2 potions of cure mutation
 C - a potion of mutation {unknown}
Books
 c - a book of Battle

   Spells                             Type                      Level
   a - Infusion                       Charms                       1
   b - Shroud of Golubria             Charms/Translocation         2
   c - Song of Slaying                Charms                       2
   d - Spectral Weapon                Hexes/Charms                 3
   e - Regeneration                   Charms/Necromancy            3
 g - a book of Misfortune

   Spells                             Type                      Level
   a - Confusing Touch                Hexes                        1
   b - Confuse                        Hexes                        3
   c - Gell's Gravitas                Hexes/Translocation          3
   d - Petrify                        Transmutation/Earth          4
   e - Metabolic Englaciation         Hexes/Ice                    5
   f - Yara's Violent Unravelling     Hexes/Transmutation          5
Comestibles
 d - 3 bread rations
 f - 3 fruits
 r - 3 meat rations


   Skills:
 - Level 5.0 Fighting
 - Level 5.0 Short Blades
 - Level 0.8 Armour
 - Level 1.7 Dodging
 + Level 6.4 Stealth
 - Level 4.1 Spellcasting
 - Level 4.0 Hexes
 - Level 4.0 Charms


You had 5 spell levels left.
You knew the following spells:

 Your Spells              Type           Power        Failure   Level  Hunger
a - Infusion              Chrm           ###.         3%          1    None
b - Song of Slaying       Chrm           ###.....     6%          2    ##.....
c - Shroud of Golubria    Chrm/Tloc      ##........   14%         2    ##.....
d - Regeneration          Chrm/Necr      ##........   24%         3    ###....
e - Spectral Weapon       Hex/Chrm       ###.....     12%         3    ###....


Dungeon Overview and Level Annotations

Branches:
Dungeon (7/15)             Temple (0/1) D:6

Altars:
Elyvilon
Makhleb
Okawaru
Vehumet
The Shining One

Shops:
D:6 !


Innate Abilities, Weirdness & Mutations

You have a pair of antennae on your head.
You are partially covered in yellow scales. (AC +2)
You may emit foul miasma when damaged in melee.
You are slightly more attuned to the shadows.
You are immune to rotting.


Message History

You barely miss the iguana.
The iguana is heavily wounded.
The iguana bites you but does no damage.
You hit the iguana.
The iguana looks as sick as possible!
The iguana is almost dead.
The iguana barely misses you.
A shadow imp comes into view.
The shadow imp shouts, "Scamper away, thou quaking hell-hated reprobate!"
You hit the iguana but do no damage.
The iguana is almost dead.
The iguana bites you but does no damage.
The iguana looks sick.
You kill the iguana!
Vehumet accepts your kill.
You have reached level 9!
Your experience leads to an increase in your attributes!
Increase (S)trength, (I)ntelligence, or (D)exterity?
You feel clever.
Your demonic ancestry asserts itself...
Yellow scales grow over part of your body.
Are you sure you want to abandon this character and quit the game? (Confirm with "yes".)

...♣ ♣♣.♣♣ ♣### ....♣
♣.....♣ ♣♣.....
.....♣♣♣.......♣♣♣......
≈≈≈...♣...≈≈≈...♣...≈≈≈.
≈≈≈≈.....≈≈≈≈≈.....≈≈≈≈≈
≈♣≈≈.....≈≈_≈≈.[...≈≈♣≈≈
≈≈≈≈.?.@.≈≈≈≈≈.....≈≈≈≈≈
≈≈≈..†♣...≈≈≈...♣.†.≈≈≈.
.....♣♣♣.......♣♣♣......
....♣ ♣♣.....♣♣ ♣♣.....
...♣ ♣♣♣.♣♣♣ ♣♣.#.# ...
♣♣♣ #..÷# .. ##...)
#..... ##....


There were no monsters in sight!

Vanquished Creatures
  Sigmund (D:4)
  A water moccasin (D:7)
  2 ice beasts (D:5)
  2 orc warriors
  2 big kobolds
  A bullfrog (D:7)
  Blork the orc (D:5)
  A scorpion (D:6)
  2 killer bees
  A howler monkey (D:5)
  A crimson imp (D:6)
  A bullfrog zombie (D:6)
  5 orc priests
  6 orc wizards
  An iguana (D:7)
  8 worker ants
  A killer bee zombie (D:7)
  3 hound skeletons
  10 adders
  3 gnolls
  2 oozes
  2 adder zombies (D:5)
  2 worms
  2 dart slugs
  2 leopard geckos
  23 orcs
  6 bats
  A giant cockroach (D:6)
  7 goblins (D:2)
  9 hobgoblins
  10 jackals
  2 quokkas
  5 frilled lizards
  A giant cockroach zombie (D:6)
  14 kobolds
  A leopard gecko skeleton (D:5)
  A quokka zombie (D:6)
  4 rats
147 creatures vanquished.

Notes
Turn   | Place    | Note
-------+----------+-------------------------------------------
     0 | D:1      | Kaname the Demonspawn Skald began the quest for the Orb.
     0 | D:1      | Reached XP level 1. HP: 16/16 MP: 3/3
   516 | D:1      | Gained mutation: You have a pair of small antennae on your head. [demonic ancestry]
   516 | D:1      | Reached XP level 2. HP: 17/22 MP: 5/5
   520 | D:1      | Learned a level 2 spell: Song of Slaying
   523 | D:1      | Learned a level 2 spell: Shroud of Golubria
  1487 | D:2      | Gained mutation: You are slightly more attuned to the shadows. [demonic ancestry]
  1487 | D:2      | Reached XP level 3. HP: 16/27 MP: 6/6
  1802 | D:2      | Found an iron altar of Okawaru.
  2352 | D:2      | Reached XP level 4. HP: 33/33 MP: 7/7
  2843 | D:3      | Reached skill level 1 in Stealth
  2992 | D:3      | Found a glowing golden altar of the Shining One.
  3156 | D:3      | Reached skill level 2 in Stealth
  3156 | D:3      | Reached XP level 5. HP: 38/38 MP: 8/8
  3493 | D:3      | Learned a level 3 spell: Regeneration
  3867 | D:4      | Reached skill level 3 in Stealth
  3891 | D:3      | HP: 1/38 [gnoll/flail (9)]
  4377 | D:4      | Reached skill level 4 in Stealth
  4377 | D:4      | Gained mutation: You are immune to rotting. [demonic ancestry]
  4377 | D:4      | Reached XP level 6. HP: 44/44 MP: 9/9
  4423 | D:4      | Noticed Sigmund
  4434 | D:4      | Killed Sigmund
  5137 | D:5      | Entered Level 5 of the Dungeon
  5137 | D:5      | Noticed an ice beast
  5260 | D:5      | Reached skill level 5 in Short Blades
  5260 | D:5      | Gained mutation: You have a pair of antennae on your head. [demonic ancestry]
  5260 | D:5      | Reached XP level 7. HP: 50/50 MP: 10/10
  5701 | D:5      | Reached skill level 5 in Stealth
  5990 | D:5      | Noticed Blork the orc
  6012 | D:5      | Killed Blork the orc
  6604 | D:6      | Gained mutation: You may emit foul miasma when damaged in melee. [demonic ancestry]
  6604 | D:6      | Reached XP level 8. HP: 43/61 MP: 11/11
  6775 | D:6      | Learned a level 3 spell: Spectral Weapon
  6862 | D:6      | Reached skill level 5 in Fighting
  6877 | D:6      | Reached skill level 1 in Hexes
  7263 | D:6      | Found a radiant altar of Vehumet.
  7269 | D:6      | Became a worshipper of Vehumet
  7325 | D:6      | Found a burning altar of Makhleb.
  7573 | D:6      | Found a staircase to the Ecumenical Temple.
  7746 | D:6      | Found Ippyhaci's Distillery.
  7749 | D:6      | Bought a potion of curing for 45 gold pieces
  7749 | D:6      | Bought a potion of heal wounds for 75 gold pieces
  7749 | D:6      | Bought a potion of heal wounds for 75 gold pieces
  8256 | D:7      | Reached skill level 6 in Stealth
  8590 | D:7      | Found a white marble altar of Elyvilon.
  8608 | D:7      | Gained mutation: You are partially covered in yellow scales. (AC +2) [demonic ancestry]
  8608 | D:7      | Reached XP level 9. HP: 56/68 MP: 15/15
  8609 | D:7      | Quit the game

Vault maps used:
D:1:      minmay_arrival_checkered_box, hex_large, hangedman_decor_peaks_small,
          minmay_misc_feat_pillars
D:2:      nicolae_overflow_hidden_temple, guppyfry_early_orc_mine
D:3:      first_bread, tso_metal_star
D:4:      uniq_sigmund
D:5:      due_unseen_surprise, uniq_blork_the_orc
D:6:      bloody_makhleb, serial_shops, kennysheep_mini,
          hangedman_abyss_or_decor_passed, minivault_19, minivault_22,
          st_stairs_9, vehumet_altar_wand_db
D:7:      elyvilon_altar_3

Skill      XL: |  1  2  3  4  5  6  7  8 |
---------------+-------------------------+-----
Short Blades   | 2 3 5 |  5.0
Charms         | 3 4 |  4.0
Stealth        | 2 4 5 6 |  6.4
Fighting       | 4 5 |  5.0
Hexes          | 4 |  4.0
Spellcasting   | 4 |  4.1
Armour         | |  0.8
Dodging        | |  1.7

Action                   |  1- 3 |  4- 6 |  7- 9 || total
-------------------------+-------+-------+-------++-------
Melee: Short sword       |    53 |       |       ||    53
       Dagger            |    84 |   130 |   306 ||   520
 Cast: Infusion          |       |     1 |     2 ||     3
       Song of Slaying   |       |     1 |     2 ||     3
       Regeneration      |       |     1 |       ||     1
       Shroud of Golubri |       |       |     2 ||     2
       Spectral Weapon   |       |       |     1 ||     1
Evoke: Wand              |       |       |     3 ||     3
  Use: Scroll            |       |     6 |     5 ||    11
       Potion            |       |     3 |     1 ||     4
 Stab: Sleeping          |       |     7 |     9 ||    16
       Distracted        |       |       |     1 ||     1
  Eat: Chunk             |     4 |    10 |    11 ||    25
Armor: Leather armour    |    12 |       |    75 ||    87
       Robe              |    19 |    35 |    14 ||    68
Dodge: Dodged            |    83 |    73 |   137 ||   293
